[Event "Live Chess"]
[Site "Chess.com"]
[Date "2023.05.20"]
[Round "-"]
[White "ViktorTheCoolBoy"]
[Black "HoarseyHorsey"]
[Result "1-0"]
[WhiteElo "2510"]
[BlackElo "1412"]
[TimeControl "300"]
[EndTime "14:16:02 PDT"]
[Termination "ViktorTheCoolBoy won by resignation"]

1. d4 Nf6 2. c4 e6 3. Nc3 d5 4. cxd5 exd5 5. Bg5 Bb4 6. e3 c6 7. Nf3 Bg4 8. Be2 O-O 9. Kf1 Nbd7 10. h3 Bh5 11. g4 Bg6 12. Kg2 Bxc3 13. bxc3 Be4 14.
Bd3 Qe8 15. Bxe4 Nxe4 16. Bf4 Ndf6 17. Qc2 Nd7 18. c4 f5 19. g5 Qh5 20. cxd5 cxd5 21. Qb3 Nb6 22. Rac1 Rac8 23. Ne5 Nxg5 24. Qd1 Qxd1 25.
Rhxd1 Ne4 26. f3 Nf6 27. Rc5 Rxc5 28. dxc5 Nbd7 29. Nxd7 Nxd7 30. Rxd5 Nf6 31. Rxf5 Rd8 32. e4 Rd3 33. Bg5 Kf7 34. Bxf6 gxf6 35. Rd5 Rc3 36.
Rd7+ Ke6 37. Rxb7 Rxc5 38. Rxa7 Rc2+ 39. Kg3 Rc5 40. Rxh7 Rg5+ 41. Kf4 Ra5 42. h4 Rxa2 43. h5 Rh2 44. h6 Rh1 45. Rh8 Rh5 46. Kg4 Rh1 47.
f4 Rg1+ 48. Kf3 Rh1 49. h7 Rh5 50. Re8+ Kf7 51. h8=Q 1-0

[Event "Live Chess"]
[Site "Chess.com"]
[Date "2023.05.20"]
[Round "-"]
[White "KGreenGator"]
[Black "trekker123"]
[Result "1-0"]
[WhiteElo "1791"]
[BlackElo "2083"]
[TimeControl "300"]
[EndTime "14:16:05 PDT"]
[Termination "KGreenGator won on time"]

1. c4 Nf6 2. Nc3 g6 3. d4 Bg7 4. Nf3 O-O 5. e4 d6 6. Be2 e5 7. d5 a5 8. O-O Na6 9. Re1 Nc5 10. Bd3 Ne8 11. Bc2 f5 12. exf5 Bxf5 13. Bg5 Qd7 14. a3 Bxc2 15. Qxc2 a4 16. Ne4 Nb3 17. Rab1 Rxf3 18.
gxf3 Nd4 19. Qd3 Qh3 20. Ng3 Nf6 21. f4 Ng4 22. Re2 Qxh2+ 23. Kf1 Rf8 24. f3 exf4 25.
Rxh2 Nxh2+ 26. Kg2 fxg3 27. f4 Re8 28. Kxg3 Nhf3 29.
Rf1 Nxg5 30. fxg5 Nf5+ 31. Kg4 Bxb2 32. Rf2 Bd4 33. Rf3 Re1 34. Rxf5 gxf5+ 35. Kxf5 Be5 36. g6 hxg6+ 37. Ke6 Kg7 38. Kd7 c5 39. dxc6 bxc6 40. Kxc6 Kf6 41. Kb5 g5 42. Kxa4 g4 43. Kb5 g3 44. a4 1-0

[Event "Live Chess"]
[Site "Chess.com"]
[Date "2023.05.20"]
[Round "-"]
[White "gmnorfolk"]
[Black "parcellforce"]
[Result "1-0"]
[WhiteElo "2100"]
[BlackElo "1371"]
[TimeControl "300"]
[EndTime "14:16:05 PDT"]
[Termination "gmnorfolk won by checkmate"]

1. d4 d5 2. c4 e6 3. Nc3 Nf6 4. cxd5 Nxd5 5. e4 Nb6 6. Nf3 Nc6 7. Bd3 Bb4 8. O-O Bxc3 9. bxc3 O-O 10. Qe2 Re8 11. e5 Nd5 12. Bd2 Nde7 13. Qe4 g6 14.
Ng5 Nf5 15. Qf4 Kg7 16. Ne4 Qh4 17. g4 Nh6 18. Nf6 Ne7 19. f3 Nd5 20. Qg3 Qxg3+ 21. hxg3 Ng8 22. g5 Ngxf6 23. gxf6+ Kg8 24. c4 Nb6 25. a4 Nd7 26. f4 b6 27. Be4 Rb8 28. a5 Bb7 29. d5 exd5 30. cxd5 Nc5 31. Bf3 bxa5 32.
Bxa5 Nd3 33. Bxc7 Rbc8 34. d6 Bxf3 35. Rxf3 Nc5 36. Rxa7 Nd7 37. Re3 h6 38. Kf2 g5 39.
Kf3 Kh7 40. Ra1 Kg6 41. g4 h5 42. gxh5+ Kxh5 43. f5 g4+ 44. Kf4 Nxf6 45. Rh1# 1-0

[Event "Live Chess"]
[Site "Chess.com"]
[Date "2023.05.20"]
[Round "-"]
[White "Missedidea"]
[Black "Ferrarifan27"]
[Result "0-1"]
[WhiteElo "1733"]
[BlackElo "2067"]
[TimeControl "300"]
[EndTime "14:16:18 PDT"]
[Termination "Ferrarifan27 won by resignation"]

1. d4 Nf6 2. c4 e6 3. Nc3 Bb4 4. e3 c5 5. Bd3 Nc6 6. Nf3 d6 7. O-O Bxc3 8. bxc3 e5 9. e4 cxd4 10. cxd4 exd4 11. Bg5 O-O 12. Re1 h6 13. Bh4 Bg4 14.
h3 Bh5 15. g4 Bg6 16. Bc2 Re8 17. Nxd4 Qe7 18. Nf5 Bxf5 19. gxf5 Qe5 20. Bg3 Qc3 21.
Re3 Qxc4 22. Bb3 Qd4 23. Qxd4 Nxd4 24. Bxd6 Nxe4 25. Ba4 Nxd6 26. Bxe8 Rxe8 27. Rd1 N4xf5 28. Rxe8+ Nxe8 29. Rd7 Nfd6 30. Kf1 a6 31. Ke2 g6 32. Kd3 Kg7 33. Kd4 Nf5+ 34. Kc5 Ned6 35. Rxd6 Nxd6 36.
Kxd6 f5 37. Ke5 Kf7 38. f4 Ke7 39. h4 h5 40. Kd5 a5 41. Ke5 a4 42. Kd5 a3 43.
Kc4 Kd6 44. Kb4 Kd5 45. Kxa3 Ke4 46. Kb4 Kxf4 47. Kb5 Kg4 48. a4 f4 49. Kb6 f3 50.
a5 f2 51. Kxb7 f1=Q 52. a6 Qf3+ 53. Kb8 Qb3+ 54. Kc7 Qc4+ 55. Kb7 Qb5+ 56. Ka7 Kxh4 0-1

[Event "Live Chess"]
[Site "Chess.com"]
[Date "2023.05.20"]
[Round "-"]
[White "ACx04"]
[Black "raminguy"]
[Result "0-1"]
[WhiteElo "415"]
[BlackElo "1959"]
[TimeControl "300"]
[EndTime "14:16:31 PDT"]
[Termination "raminguy won by checkmate"]

1. e4 e5 2. Bc4 Nc6 3. d3 Nf6 4. a3 Bc5 5. Nf3 O-O 6. O-O h6 7. h3 a5 8. a4 d6 9. Be3 Bxe3 10.
fxe3 Be6 11. Bxe6 fxe6 12. d4 Nxe4 13. dxe5 dxe5 14. Qxd8 Raxd8 15. c3 Rd3 16. Nbd2 Nxd2 17. Nxd2 Rxd2 18. b4 axb4 19. cxb4 Nxb4 20. Rab1 c5 21. a5 Rxf1+ 22. Rxf1 Ra2 23. e4 Rxa5 24. g4 c4 25.
Rc1 Rc5 26. Kg2 c3 27. Kg3 c2 28. Kh4 Nd3 29. Rxc2 Rxc2 30. g5 b5 31. gxh6 gxh6 32. Kh5 Kh7 33. h4 b4 34. Kg4 b3 35. Kh5 b2 36. Kg4 b1=Q 37. h5 Qd1+ 38. Kh4 Rh2+ 39. Kg3 Qg1+ 40. Kf3 Qf2+ 41. Kg4 Rh4# 0-1

[Event "Live Chess"]
[Site "Chess.com"]
[Date "2023.05.20"]
[Round "-"]
[White "Pandreq"]
[Black "LozzaLoaf"]
[Result "1-0"]
[WhiteElo "1255"]
[BlackElo "278"]
[TimeControl "300"]
[EndTime "14:16:34 PDT"]
[Termination "Pandreq won by checkmate"]

1. d4 Nc6 2. e4 f6 3. c4 e5 4.
d5 Nb4 5. a3 Na6 6. Nf3 c6 7.
Nc3 cxd5 8. cxd5 Nc5 9. Be3 d6 10. Bxc5 dxc5 11. Bb5+ Bd7 12. Qa4 Bxb5 13. Nxb5 Qd7 14.
Nc7+ Kd8 15. Qxd7+ Kxd7 16. Nxa8 g6 17. Rc1 f5 18.
exf5 gxf5 19. Nxe5+ Kd6 20. Nc4+ Kxd5 21. Nc7+ Kc6 22.
Ne6 Kd5 23. Nxf8 Ne7 24. Nd7 Re8 25. Nf6+ Ke6 26. Nxe8 Kf7 27. Ned6+ Ke6 28. Nxb7 Kd5 29. O-O h5 30. Rfd1+ Ke4 31. Nbd6+ Kf4 32. g3+ Kg5 33. h4+ Kg4 34. Ne5+ Kh3 35. Rxc5 f4 36. Nf5 Nxf5 37. Nf3 fxg3 38. Rxf5 gxf2+ 39. Kxf2 Kg4 40. Nd4 Kxh4 41. Rg1 a5 42. Rfg5 a4 43. Ke3 Kh3 44. Rxh5# 1-0

[Event "Live Chess"]
[Site "Chess.com"]
[Date "2023.05.20"]
[Round "-"]
[White "xx_blindpuffin_xx"]
[Black "jk0110"]
[Result "1-0"]
[WhiteElo "2185"]
[BlackElo "1101"]
[TimeControl "300"]
[EndTime "14:16:43 PDT"]
[Termination "xx_blindpuffin_xx won by resignation"]

1. d4 Nf6 2. Bf4 d5 3. e3 Bf5 4.
Nf3 h6 5. c4 e6 6. Nc3 a6 7.
Qb3 b6 8. cxd5 exd5 9. Be2 Nc6 10. O-O Bb4 11. Rac1 a5 12. a3 Be7 13. Nb5 O-O 14. Rxc6 Bd7 15. Bxc7 Qc8 16. Rcc1 Ne4 17. Nd6 Bxd6 18. Bxd6 Qb7 19. Rc7 Qb8 20. Bf4 Nd2 21.
Nxd2 1-0

[Event "Live Chess"]
[Site "Chess.com"]
[Date "2023.05.20"]
[Round "-"]
[White "EdenHazard8"]
[Black "LiamBellwood"]
[Result "0-1"]
[WhiteElo "2060"]
[BlackElo "2065"]
[TimeControl "300"]
[EndTime "14:16:50 PDT"]
[Termination "LiamBellwood won by checkmate"]

1. e4 e6 2. d4 d5 3. exd5 exd5 4. Bd3 Bd6 5. c3 Ne7 6. Nf3 Bg4 7. h3 Bh5 8. O-O Nbc6 9. Re1 Qd7 10. Nbd2 Bg6 11. Nf1 Bxd3 12. Qxd3 O-O 13. Ne5 Bxe5 14. dxe5 Ng6 15. f4 Rfe8 16. Rd1 Rad8 17. Be3 Nh4 18. Bf2 Ng6 19. Bg3 d4 20. cxd4 Qxd4+ 21. Qxd4 Nxd4 22. Kh2 Nf5 23. Rac1 c6 24. Rxd8 Rxd8 25. Rc3 Rd4 26. Ne3 Nxe3 27. Rxe3 Nxf4 28. Bxf4 Rxf4 29. Rd3 Kf8 30.
Rd7 Rb4 31. b3 Ke8 32. Rc7 h5 33. e6 fxe6 34. Rxg7 h4 35. Rg4 a5 36. Rxb4 axb4 37. g3 hxg3+ 38. Kxg3 Kf7 39. Kf4 b5 40. Ke5 c5 41. Ke4 Kf6 42. h4 c4 43. bxc4 bxc4 44.
Kd4 c3 45. Kd3 Kg6 46. a3 bxa3 47. Kxc3 a2 48. Kb2 Kh5 49. Kxa2 Kxh4 50. Kb3 Kg4 51. Kc3 Kf3 52. Kd2 e5 53. Ke1 e4 54. Kf1 Ke3 55.
Ke1 Kd3 56. Kd1 e3 57. Ke1 e2 58. Kf2 Kd2 59. Kf3 e1=Q 60. Kf4 Qe6 61. Kg5 Qf7 62.
Kg4 Qf6 63. Kg3 Qf5 64. Kg2 Qf4 65. Kg1 Qf3 66. Kh2 Ke3 67. Kg1 Qe2 68. Kh1 Kf3 69.
Kg1 Qg2# 0-1

[Event "Live Chess"]
[Site "Chess.com"]
[Date "2023.05.20"]
[Round "-"]
[White "lucaskk818"]
[Black "f4nomore"]
[Result "0-1"]
[WhiteElo "1886"]
[BlackElo "1395"]
[TimeControl "300"]
[EndTime "14:16:57 PDT"]
[Termination "f4nomore won by resignation"]

1. d4 g6 2. c4 Bg7 3. Nf3 d6 4. Nc3 Nf6 5. e4 O-O 6. Be2 Nbd7 7. Be3 Ng4 8. Qd2 Nxe3 9. Qxe3 b6 10. O-O Bb7 11.
d5 c6 12. h3 cxd5 13. exd5 Ne5 14. Nxe5 Bxe5 15. f4 Bg7 16. f5 f6 17. fxg6 hxg6 18.
Bg4 f5 19. Qe6+ Rf7 20. Ne4 Bc8 21. Nf6+ exf6 22. Qe2 fxg4 23. hxg4 Qf8 24. Rae1 f5 25. g5 Ba6 26. b3 Bd4+ 27. Kh1 Rh7+ 0-1

[Event "Live Chess"]
[Site "Chess.com"]
[Date "2023.05.20"]
[Round "-"]
[White "SupremeTactician"]
[Black "Conradical12"]
[Result "1-0"]
[WhiteElo "2364"]
[BlackElo "1582"]
[TimeControl "300"]
[EndTime "14:17:04 PDT"]
[Termination "SupremeTactician won by resignation"]

1. e4 e5 2. Nf3 Nc6 3. Nc3 Nf6 4.
Bb5 Bb4 5. O-O O-O 6. d3 d6 7. Bg5 Bg4 8. Nd5 Bxf3 9. gxf3 Nd4 10. c3 c6 11. Nxf6+ gxf6 12. Bh6 Re8 13. Ba4 b5 14. cxd4 bxa4 15. Qxa4 c5 16. a3 Ba5 17. dxc5 dxc5 18. Kh1 Qxd3 19. Rg1+ Kh8 20. Bg7+ Kg8 21. Rg3 Bd2 22.
Bxf6+ Kf8 23. Rag1 1-0

[Event "Live Chess"]
[Site "Chess.com"]
[Date "2023.05.20"]
[Round "-"]
[White "Geomorph"]
[Black "WilliamofOrange16th"]
[Result "0-1"]
[WhiteElo "1245"]
[BlackElo "1835"]
[TimeControl "300"]
[EndTime "14:17:07 PDT"]
[Termination "WilliamofOrange16th won by resignation"]

1. e4 d6 2. d4 Nf6 3. Nc3 Nbd7 4. f4 e5 5. Be3 c6 6. Bd3 Be7 7. f5 O-O 8. Nf3 exd4 9. Bxd4 Qc7 10. O-O Ne5 11.
Qd2 a6 12. Ng5 b5 13. Ne2 c5 14. Bf2 c4 15. Rac1 cxd3 16. cxd3 Qd8 17. b3 Bb7 18. h3 d5 19. Bg3 Bd6 20. exd5 Bxd5 21. Nf4 Bb7 22. d4 Nc6 23. Nfe6 fxe6 24. Bxd6 Qxd6 25. Nxe6 Rf7 26. Rcd1 Nd8 27. d5 Nxe6 28. fxe6 Re7 29. Qg5 Rf8 30. Rfe1 Bxd5 31. Re5 Qb6+ 32. Kh1 Be4 33.
Rd7 Nxd7 34. Rxe4 Nf6 35. Re1 Rxe6 36. Rxe6 Qxe6 37. Kh2 Qd6+ 0-1

[Event "Live Chess"]
[Site "Chess.com"]
[Date "2023.05.20"]
[Round "-"]
[White "Jeffaroow"]
[Black "terrub10"]
[Result "1-0"]
[WhiteElo "505"]
[BlackElo "570"]
[TimeControl "300"]
[EndTime "14:17:11 PDT"]
[Termination "Jeffaroow won by checkmate"]

1. e4 e5 2. Nf3 Nc6 3. d4 Nf6 4.
dxe5 Nxe4 5. Bd3 Bc5 6. Bxe4 Nxe5 7. Nxe5 c6 8. Nc3 d5 9. Bf3 Bd6 10. Nd3 Bf5 11. O-O c5 12. Nxd5 c4 13. N3f4 Bxf4 14. Bxf4 b5 15. Nc7+ Ke7 16. Nxa8 Qxd1 17. Raxd1 b4 18.
Rde1+ Kd7 19. Be4 b3 20. Bxf5+ Kc6 21. cxb3 Rxa8 22. Be4+ Kc5 23. Bxa8 cxb3 24. axb3 Kb4 25. Re3 a5 26. Rd1 a4 27. Rd4+ Kb5 28. bxa4+ Kc5 29. Rd1 f6 30. Rc3+ Kb4 31. Rc7 g5 32. Bd6+ Kxa4 33.
Rxh7 Kb3 34. Rc7 Kxb2 35. Bf8 Kb3 36. Bf3 Kb2 37. Rd8 f5 38. Rb8+ Ka2 39. Ra7# 1-0

[Event "Live Chess"]
[Site "Chess.com"]
[Date "2023.05.20"]
[Round "-"]
[White "grillage"]
[Black "Duke_of_Bebington"]
[Result "1-0"]
[WhiteElo "1846"]
[BlackElo "1580"]
[TimeControl "300"]
[EndTime "14:17:16 PDT"]
[Termination "grillage won by checkmate"]

1. d4 d5 2. Nf3 Nf6 3. c4 c6 4.
Qc2 dxc4 5. Qxc4 Be6 6. Qb4 Qb6 7. Qxb6 axb6 8. Nc3 g6 9. Ng5 Bf5 10. e4 Bd7 11.
Bc4 e6 12. O-O Bg7 13. e5 Nd5 14. Nge4 O-O 15. Nd6 Na6 16. Nxb7 c5 17. Nd6 cxd4 18. Ncb5 Bxe5 19. Bh6 Rfd8 20. Ne4 Nc5 21. Nxc5 bxc5 22. Bxd5 exd5 23. f4 Bxb5 24. fxe5 Bxf1 25. Kxf1 Rab8 26.
b3 c4 27. Bg5 Re8 28. Bf6 d3 29. Ke1 Rec8 30. Kd2 Kf8 31. Rc1 Ke8 32. Rc3 Kd7 33.
g4 Ke6 34. h4 Ra8 35. a4 cxb3 36.
Rxb3 Rxa4 37. Rb6+ Kd7 38. Rb7+ Rc7 39. Rb6 Rd4 40.
Rd6+ Ke8 41. Rd8# 1-0

[Event "Live Chess"]
[Site "Chess.com"]
[Date "2023.05.20"]
[Round "-"]
[White "Singapourfeuj"]
[Black "CameronM1234"]
[Result "1-0"]
[WhiteElo "2252"]
[BlackElo "1130"]
[TimeControl "300"]
[EndTime "14:17:34 PDT"]
[Termination "Singapourfeuj won by resignation"]

1. d4 Nf6 2. Nc3 g6 3. e4 d6 4.
Be2 Bg7 5. Nf3 h6 6. O-O O-O 7. a4 Re8 8. a5 a6 9. h3 e5 10.
d5 c6 11. Be3 Nbd7 12. Nd2 cxd5 13. exd5 Nc5 14. Nc4 Nfe4 15. Na4 Nxa4 16. Rxa4 Bd7 17. Rb4 Nc5 18. Bxc5 dxc5 19. Rxb7 Qc8 20. Nd6 Qd8 21. Nxe8 Qxe8 22. Bc4 Bb5 23. Bxb5 axb5 24. d6 Rd8 25. Qd5 Rd7 26. a6 Bf8 27. Rxd7 Qxd7 28. Rd1 Qa7 29. Qb7 1-0

[Event "Live Chess"]
[Site "Chess.com"]
[Date "2023.05.20"]
[Round "-"]
[White "LiamClery2020"]
[Black "chessfiction"]
[Result "1-0"]
[WhiteElo "2086"]
[BlackElo "2362"]
[TimeControl "300"]
[EndTime "14:18:01 PDT"]
[Termination "LiamClery2020 won by resignation"]

1. e4 d6 2. d4 Nf6 3. Nc3 c6 4. Be3 Qb6 5. Qd2 Qxb2 6. Rb1 Qa3 7. Rb3 Qa5 8. Nf3 Nbd7 9. Bc4 e6 10. O-O d5 11.
exd5 exd5 12. Bd3 Bb4 13. Rfb1 Bxc3 14. Rxc3 O-O 15. Rbb3 Re8 16. Ng5 h6 17. Nh3 Ne4 18.
Bxe4 Rxe4 19. Qe2 Nf6 20. Nf4 Bf5 21. Qf3 Rae8 22. Nh5 Nxh5 23. Qxf5 Rxd4 24. h3 Rd1+ 25. Kh2 Nf6 26. Bxh6 Ne4 27. Rxb7 Rf8 28. Bxg7 Kxg7 29. Qe5+ Kh7 30. Qh5+ Kg7 31. Qe5+ Kh6 32. Rxc6+ f6 33. Qf4+ Kg6 34. Qg4+ Ng5 35. Qxd1 Qa4 36. Qd3+ Ne4 37. Rcc7 Rg8 38. Qxd5 Nxf2 39. Qxg8+ Kf5 40. Rc5+ Ke4 41. Rc4+ 1-0

[Event "Live Chess"]
[Site "Chess.com"]
[Date "2023.05.20"]
[Round "-"]
[White "Nazar_777"]
[Black "lightningorderyt"]
[Result "1-0"]
[WhiteElo "1608"]
[BlackElo "520"]
[TimeControl "300"]
[EndTime "14:18:05 PDT"]
[Termination "Nazar_777 won by checkmate"]

1. e3 e5 2. h4 Nf6 3. a3 Nc6 4. c4 d5 5. cxd5 Qxd5 6. Nf3 Bg4 7. Nc3 Qc5 8. b4 Qd6 9. Be2 O-O-O 10. Bb2 e4 11. Ng5 Ne5 12. Bxg4+ Qe6 13. Bxe6+ fxe6 14.
Nxe6 Re8 15. Nxf8 Rhxf8 16. Qc2 Nc4 17. Rc1 b6 18. Nxe4 Nxe4 19. Qxc4 Re5 20. Qxc7# 1-0

[Event "Live Chess"]
[Site "Chess.com"]
[Date "2023.05.20"]
[Round "-"]
[White "Tushinskiy"]
[Black "stevochess11"]
[Result "1-0"]
[WhiteElo "2148"]
[BlackElo "1785"]
[TimeControl "300"]
[EndTime "14:18:33 PDT"]
[Termination "Tushinskiy won by resignation"]

1. d4 Nf6 2. c3 c6 3. Nf3 d6 4.
Bf4 g6 5. Bg3 Bg7 6. Nbd2 Nbd7 7.
e4 b5 8. Bd3 a5 9. Qe2 Bb7 10. e5 Nd5 11. exd6 e6 12. Ne4 O-O 13. Nc5 Nxc5 14. dxc5 Nxc3 15. bxc3 Bxc3+ 16. Nd2 Bxa1 17. O-O Bc3 18. h4 Bb4 19. Rc1 Qf6 20. Ne4 Qd4 21. Bf4 Rfd8 22. Be3 Qg7 23. Bg5 Rd7 24. Nf6+ Kh8 25. Nxd7 Qd4 26. Bf6+ 1-0

[Event "Live Chess"]
[Site "Chess.com"]
[Date "2023.05.20"]
[Round "-"]
[White "ChessTWSS"]
[Black "smoggyrabbit"]
[Result "0-1"]
[WhiteElo "1511"]
[BlackElo "1706"]
[TimeControl "300"]
[EndTime "14:19:10 PDT"]
[Termination "smoggyrabbit won by resignation"]

1. d4 e6 2. Bf4 f5 3. e3 Nf6 4. c3 Be7 5. Nf3 O-O 6. Bd3 b6 7. Nbd2 Bb7 8. O-O Ne4 9. Qe2 g5 10. Bxe4 fxe4 11. Nxg5 Bxg5 12. Bxg5 Qxg5 13. g3 d5 14. h4 Qg6 15. g4 Nd7 16. h5 Qg5 17. f4 exf3 18. Nxf3 Qxg4+ 19. Qg2 Nf6 20. Qxg4+ Nxg4 21.
Ne5 Nxe3 22. Rxf8+ Rxf8 23. Nd7 Rf5 24. h6 Ng4 25. b3 Bc8 26. c4 Bxd7 27. cxd5 exd5 28.
Rf1 Rxf1+ 29. Kxf1 0-1

[Event "Live Chess"]
[Site "Chess.com"]
[Date "2023.05.20"]
[Round "-"]
[White "Doge_Dandolo"]
[Black "friarnator"]
[Result "1/2-1/2"]
[WhiteElo "2031"]
[BlackElo "1998"]
[TimeControl "300"]
[EndTime "14:19:12 PDT"]
[Termination "Game drawn by stalemate"]

1. Nf3 Nf6 2. c4 g6 3. Nc3 Bg7 4. e4 d6 5. d4 O-O 6. Be2 e5 7. dxe5 dxe5 8. Qxd8 Rxd8 9. Bg5 Re8 10. Nd5 Nxd5 11.
cxd5 c6 12. Bc4 cxd5 13. Bxd5 Nd7 14. O-O-O Nb6 15. Bb3 Be6 16. Bxe6 Rxe6 17. Be3 Nc4 18. Bd2 Rc6 19. Bc3 b5 20. Kb1 a5 21. Rd5 f6 22.
Rxb5 Na3+ 23. bxa3 Rxc3 24. Rc1 Rxa3 25. Rc7 Bf8 26.
Nd2 Rd8 27. Nc4 Rc3 28. Kb2 Rcd3 29. Nxa5 Ba3+ 30. Kc2 Rd2+ 31. Kb3 R8d3+ 32. Ka4 Rxa2 33. Rb8+ Bf8+ 34. Kb5 Rda3 35. Rcc8 Rxa5+ 36. Kb6 Ra6+ 37. Kb7 R6a3 38. Rxf8+ Kg7 39. Kc6 Rxf2 40. Kd5 Rxg2 41. Rg8+ Kh6 42. Rb7 Rxh2 43. Rgg7 Kg5 44. Ke6 Ra6+ 45.
Kd5 Rd2+ 46. Kc4 Rd4+ 47. Kc3 h5 48. Rbf7 Rc6+ 49. Kb3 Rxe4 50. Rh7 h4 51. Rf8 f5 52. Rfh8 Rg4 53. Rh6 f4 54. R6h7 f3 55. Rf7 Rf4 56.
Rxf4 exf4 57. Rxh4 Kxh4 58. Kb4 Rc1 59. Kb5 f2 60. Kb4 f1=Q 61. Kb3 Qd1+ 62. Kb2 Qc2+ 63. Ka3 Rb1 1/2-1/2

[Event "Live Chess"]
[Site "Chess.com"]
[Date "2023.05.20"]
[Round "-"]
[White "Richardallis"]
[Black "wot-not"]
[Result "1-0"]
[WhiteElo "1888"]
[BlackElo "1526"]
[TimeControl "300"]
[EndTime "14:19:16 PDT"]
[Termination "Richardallis won by resignation"]

1. d4 Nf6 2. Nf3 d6 3. Bg5 Bg4 4. Nbd2 Nbd7 5. e4 e5 6. dxe5 Nxe5 7. h3 Bh5 8. g4 Bg6 9. Nxe5 dxe5 10. Bd3 Be7 11.
Qf3 O-O 12. O-O h6 13. Bxf6 Bxf6 14. Rad1 c6 15. Nc4 Qc7 16. Ne3 Rad8 17. Nf5 Bxf5 18.
Qxf5 Qd7 19. Qf3 Qe7 20. Bc4 Bg5 21. Qf5 Bf4 22. Kg2 Rxd1 23. Rxd1 g6 24. Qxg6+ Kh8 25. Qf5 Qb4 26. Bb3 c5 27. Bxf7 Rxf7 28. Qxf7 Qxe4+ 29. Kg1 Bd2 30. Qe8+ Kg7 31. Qd7+ Kg6 32. Qxd2 1-0

[Event "Live Chess"]
[Site "Chess.com"]
[Date "2023.05.20"]
[Round "-"]
[White "chessfiction"]
[Black "Jeffaroow"]
[Result "1-0"]
[WhiteElo "2362"]
[BlackElo "505"]
[TimeControl "300"]
[EndTime "14:19:18 PDT"]
[Termination "chessfiction won by checkmate"]

1. e4 e5 2. Bc4 Nf6 3. Nf3 d5 4. exd5 Nxd5 5. Nxe5 Be6 6. O-O Ne3 7. fxe3 Bd6 8.
Nxf7 Bxf7 9. Rxf7 Rf8 10. Qh5 Rxf7 11. Qxf7# 1-0

[Event "Live Chess"]
[Site "Chess.com"]
[Date "2023.05.20"]
[Round "-"]
[White "Ferrarifan27"]
[Black "NatashaRegan"]
[Result "1-0"]
[WhiteElo "2070"]
[BlackElo "1739"]
[TimeControl "300"]
[EndTime "14:19:23 PDT"]
[Termination "Ferrarifan27 won by resignation"]

1. e4 Nf6 2. e5 Nd5 3. d4 d6 4.
Nf3 dxe5 5. Nxe5 c6 6. Bc4 g6 7. O-O Bg7 8. Re1 Be6 9. c3 O-O 10. Qe2 Nd7 11. Nxd7 Qxd7 12. Bg5 Rfe8 13. Nd2 Bg4 14. f3 Be6 15. Ne4 a6 16. Nc5 Qc8 17.
Nxe6 fxe6 18. Qxe6+ Qxe6 19. Rxe6 Kf7 20. Rae1 b5 21.
Bxd5 cxd5 22. Rxe7+ Rxe7 23. Rxe7+ Kf8 24. Rd7 a5 25. Rxd5 b4 26. Rd8+ Rxd8 27. Bxd8 bxc3 28.
bxc3 a4 29. Kf2 Ke8 30. Ba5 Kd7 31. Ke3 Kc6 32. c4 h5 33. Ke4 Bh6 34. Bc3 Bc1 35.
Ke5 h4 36. Kf6 g5 37. Kf5 a3 38. Bb4 Bb2 39. d5+ Kd7 40. Kxg5 1-0

[Event "Live Chess"]
[Site "Chess.com"]
[Date "2023.05.20"]
[Round "-"]
[White "Stanbad1"]
[Black "luckywookie"]
[Result "1-0"]
[WhiteElo "2393"]
[BlackElo "743"]
[TimeControl "300"]
[EndTime "14:19:31 PDT"]
[Termination "Stanbad1 won by checkmate"]

1. d4 d5 2. Nc3 Nf6 3. Bf4 c5 4. e4 cxd4 5. Qxd4 Nc6 6. Bb5 e6 7. exd5 Nxd5 8. Nxd5 exd5 9. O-O-O Be6 10. Nf3 Bd6 11.
Bxd6 Qxd6 12. Qxg7 O-O-O 13. Qf6 a6 14. Bxc6 bxc6 15.
g3 Rhg8 16. Ne5 Rdf8 17. Rhe1 h5 18. h4 Kc7 19. Nxf7 Bxf7 20. Re7+ Qxe7 21. Qxe7+ Kc8 22.
Qa7 Re8 23. Qxf7 Rgf8 24. Qxh5 Re2 25. Qxe2 Rd8 26. Qe6+ Kc7 27. h5 Rd6 28. Qe5 Kd7 29. Qxd6+ Kxd6 30. Re1 d4 31. h6 d3 32. cxd3 c5 33.
h7 c4 34. h8=Q cxd3 35. Qd4+ Kc6 36. Re6+ Kc7 37. Qd6+ Kc8 38. Re8+ Kb7 39. Rb8+ Ka7 40. Qb6# 1-0

[Event "Live Chess"]
[Site "Chess.com"]
[Date "2023.05.20"]
[Round "-"]
[White "KeithArkell"]
[Black "Supertromp"]
[Result "1-0"]
[WhiteElo "2618"]
[BlackElo "2179"]
[TimeControl "300"]
[EndTime "14:19:59 PDT"]
[Termination "KeithArkell won by checkmate"]

1. d4 Nf6 2. Nf3 g6 3. c4 Bg7 4.
Nc3 O-O 5. g3 d6 6. Bg2 Nbd7 7.
d5 a5 8. O-O Nb6 9. Qd3 Nfd7 10. Be3 e5 11. dxe6 fxe6 12. Bd4 e5 13. Be3 Qf6 14. Bg5 Qf7 15. Nd5 Nxd5 16. cxd5 Nc5 17. Qd1 Bf5 18. Rc1 Be4 19. Ne1 Bxg2 20. Nxg2 a4 21. Be3 b6 22. b4 axb3 23. axb3 Ne4 24. Qd3 Nf6 25. Rfd1 Ra5 26. Qc2 Rxd5 27. Rxd5 Nxd5 28.
f3 c5 29. Bd2 Nc7 30. b4 Ne6 31. bxc5 bxc5 32. Ne3 Nd4 33. Qd1 e4 34. f4 Nf5 35.
Kg2 Bd4 36. Nf1 e3 37. Bc3 Qd5+ 38. Kg1 Qe4 39. Qc2 Qxc2 40. Rxc2 Bxc3 41. Rxc3 Re8 42. Kg2 Kf7 43. Ra3 d5 44. g4 Nd4 45. Nxe3 Nxe2 46.
Nxd5 Rd8 47. Ra7+ Ke6 48. Nc7+ Kd6 49. Kf3 Nd4+ 50. Ke4 Rd7 51. Ne8+ Ke7 52. Rxd7+ Kxd7 53. Nf6+ Ke6 54. Nxh7 Kf7 55. Ng5+ Kf6 56. Nf3 Ne2 57. Ke3 Nc3 58. Ne5 Nd5+ 59. Ke4 Nc3+ 60. Kd3 Nd5 61. Ke4 Nc3+ 62. Kf3 Nd5 63. Nd7+ Ke6 64. Nxc5+ Kf6 65. Ne4+ Kg7 66. h4 Ne7 67. Ng3 Nd5 68.
Ke4 Nf6+ 69. Kf3 Nd5 70. Ne2 Nf6 71. Nc3 Nd7 72. g5 Nf8 73. Ke4 Nd7 74. f5 Nc5+ 75. Kd5 Nd7 76. Ke6 Nf8+ 77. Ke5 gxf5 78. Kxf5 Ng6 79.
h5 Nf8 80. Ne4 Kh7 81. Nf6+ Kg7 82. Ng4 Kh8 83. Ne5 Nd7 84. Nxd7 Kg7 85. Nf6 Kh8 86. Ng4 Kg7 87. g6 Kf8 88. Kf6 Kg8 89. Nh6+ Kh8 90. g7+ Kh7 91. g8=Q+ Kxh6 92. Qg6# 1-0

[Event "Live Chess"]
[Site "Chess.com"]
[Date "2023.05.20"]
[Round "-"]
[White "gmnorfolk"]
[Black "KGreenGator"]
[Result "1-0"]
[WhiteElo "2103"]
[BlackElo "1789"]
[TimeControl "300"]
[EndTime "14:20:01 PDT"]
[Termination "gmnorfolk won by resignation"]

1. d4 Nf6 2. c4 d5 3. cxd5 Qxd5 4. Nf3 Nc6 5. Nc3 Qd8 6. d5 Nb8 7. e4 e6 8. Bc4 exd5 9. Nxd5 Be7 10. O-O O-O 11.
Nxe7+ Qxe7 12. e5 Nfd7 13. Bg5 Qe8 14. Re1 Nc6 15. e6 fxe6 16. Rxe6 Qf7 17. Rxc6 bxc6 18.
Bxf7+ Rxf7 19. Qe2 Bb7 20. Re1 Kf8 21. Ne5 Nxe5 22. Qxe5 c5 23. Qxc5+ Kg8 24. f3 h6 25. Re7 hxg5 26. Rxf7 Kxf7 27. Qxc7+ Kg6 28. Qxb7 Rf8 29. Qxa7 1-0

[Event "Live Chess"]
[Site "Chess.com"]
[Date "2023.05.20"]
[Round "-"]
[White "Pandreq"]
[Black "xx_blindpuffin_xx"]
[Result "0-1"]
[WhiteElo "1255"]
[BlackElo "2185"]
[TimeControl "300"]
[EndTime "14:20:07 PDT"]
[Termination "xx_blindpuffin_xx won by checkmate"]

1. d4 d5 2. c4 e6 3. Nc3 c6 4. cxd5 exd5 5. Bf4 Bd6 6. Bxd6 Qxd6 7. Nf3 Ne7 8. e3 O-O 9. Bd3 Bf5 10. O-O Nd7 11. Ne2 Rad8 12. Ng3 Bg6 13. Nh4 f5 14. Nxg6 hxg6 15. h4 Nf6 16. h5 Ne4 17. Nxe4 fxe4 18. Be2 gxh5 19. Bxh5 Rf6 20. Qg4 Rh6 21. Qd1 g6 22.
Be2 Qh2# 0-1

[Event "Live Chess"]
[Site "Chess.com"]
[Date "2023.05.20"]
[Round "-"]
[White "JoshMcK"]
[Black "Long1968"]
[Result "0-1"]
[WhiteElo "1553"]
[BlackElo "1209"]
[TimeControl "300"]
[EndTime "14:20:16 PDT"]
[Termination "Long1968 won by resignation"]

1. e4 e6 2. d4 d5 3. Nc3 Nf6 4. e5 Nfd7 5. f4 c5 6. Nf3 Nc6 7. Be3 b6 8. Bb5 Qc7 9. O-O a6 10. Bxc6 Qxc6 11. dxc5 Nxc5 12. Nd4 Qc7 13. Nce2 Bb7 14. f5 Bc8 15. fxe6 Bxe6 16. Nxe6 fxe6 17. Bd4 O-O-O 18. Nf4 g5 19. Bxc5 Bxc5+ 20. Kh1 gxf4 21. Rxf4 Qxe5 22. Qf1 Rdf8 23. Qxa6+ Kb8 24. Rxf8+ Rxf8 25. Rf1 Rxf1+ 26. Qxf1 Qf5 27. Qxf5 exf5 28. g3 Kc7 29. Kg2 Kd6 30. Kf3 Ke5 31. h3 h5 32. c3 Be7 33. Ke3 h4 34. Kf3 hxg3 35. Kxg3 Ke4 36. h4 f4+ 37. Kf2 Bxh4+ 38. Kf1 Kf3 39. b3 Ke3 40. c4 dxc4 41. bxc4 Kd4 42. c5 Kxc5 43. Ke2 Bg3 44. Kf3 Kb4 45. Ke2 Ka3 46. Kd1 b5 47. Kc2 b4 48. Kb1 f3 49. Ka1 f2 0-1